[ AOE2 MATCH · #476599133 ]
UnrankedTeutons vs Vikings
Player's team · LOSS
Rival team · WIN
[ REPLAY ANALYSIS · EXTRACTED FROM THE RECORDED GAME ]
Feudal
8:50
Castle
20:15
Imperial
39:03
| APM avg | 84.7 |
| APM peak | 141 |
| eAPM avg | 43.3 |
| Villagers / military | 178 / 176 |
Focus
⚔️ 69.4% · 🌾 30.6%
Skirmisher ×112 · Knight ×31 · Trebuchet (Packed) ×10 · Mangonel ×8 · Petard ×7 · Archer ×6
Feudal
9:25
Castle
22:50
Imperial
38:48
| APM avg | 63.2 |
| APM peak | 97 |
| eAPM avg | 23.2 |
| Villagers / military | 139 / 146 |
Focus
⚔️ 46.9% · 🌾 53.1%
Archer ×56 · Skirmisher ×29 · Spearman ×27 · Berserk ×14 · Mangonel ×10 · Militia ×5
Match map
Initial resources + every placement click. Lines = walls · curves = elevation contours. ◆ gold · ⬟ stone · ● berries · ✦ relic · ◌ wall gap
Your base· Open — 7t gap
Xun's base· ✓ Closed at 22:50 · 21t walls · 1 gate(s)
Smoothed initial terrain · ◌ = detected wall gap · hover for details
Inputs per minute
— wappla - - Xun
Build order — wappla
First 150 of 539 actions detected
| 0:00 | Create | Villager (Male) |
| 0:00 | Create | Villager (Male) |
| 0:01 | Build | House |
| 0:02 | Build | House |
| 0:08 | Create | Villager (Male) |
| 0:08 | Create | Villager (Male) |
| 1:24 | Create | Villager (Male) |
| 1:48 | Build | Mill |
| 2:00 | Create | Villager (Male) |
| 2:15 | Create | Villager (Male) |
| 2:45 | Create | Villager (Male) |
| 3:08 | Create | Villager (Male) |
| 3:32 | Create | Villager (Male) |
| 3:53 | Build | House |
| 3:57 | Create | Villager (Male) |
| 4:22 | Create | Villager (Male) |
| 4:41 | Create | Villager (Male) |
| 4:53 | Create | Villager (Male) |
| 5:11 | Create | Villager (Male) |
| 5:26 | Build | Lumber Camp |
| 6:13 | Research | Loom |
| 6:16 | Research | Feudal Age |
| 6:39 | Build | Palisade Wall |
| 6:52 | Build | Palisade Wall |
| 6:56 | Build | Palisade Wall |
| 7:08 | Build | Palisade Wall |
| 7:10 | Build | House |
| 8:04 | Build | Barracks |
| 8:12 | Create | Villager (Male) |
| 8:23 | Build | Palisade Wall |
| 8:50 | Age | Feudal Age |
| 8:52 | Create | Villager (Male) |
| 9:03 | Build | Archery Range |
| 9:20 | Create | Villager (Male) |
| 9:29 | Create | Villager (Male) |
| 9:31 | Research | Double-Bit Axe |
| 9:46 | Build | House |
| 9:46 | Create | Skirmisher |
| 9:58 | Create | Skirmisher |
| 10:07 | Build | House |
| 10:21 | Build | Farm |
| 10:22 | Create | Villager (Male) |
| 10:27 | Create | Skirmisher |
| 10:39 | Create | Villager (Male) |
| 10:49 | Build | Farm |
| 10:52 | Build | Farm |
| 10:59 | Build | House |
| 11:03 | Create | Villager (Male) |
| 11:08 | Build | Mining Camp |
| 11:12 | Create | Skirmisher |
| 11:28 | Build | Farm |
| 11:33 | Create | Villager (Male) |
| 11:34 | Build | Farm |
| 11:37 | Create | Archer |
| 11:45 | Build | Farm |
| 11:50 | Build | Farm |
| 11:56 | Create | Villager (Male) |
| 11:59 | Build | Farm |
| 12:11 | Create | Archer |
| 12:12 | Create | Villager (Male) |
| 12:20 | Create | Villager (Male) |
| 12:22 | Build | Farm |
| 12:24 | Build | Farm |
| 12:28 | Build | Mill |
| 12:32 | Create | Archer |
| 12:34 | Build | House |
| 12:50 | Build | House |
| 12:54 | Create | Villager (Male) |
| 12:56 | Build | House |
| 12:58 | Create | Archer |
| 13:05 | Build | Farm |
| 13:19 | Create | Villager (Male) |
| 13:21 | Build | House |
| 13:25 | Create | Villager (Male) |
| 13:28 | Build | House |
| 13:59 | Create | Skirmisher |
| 14:06 | Create | Villager (Male) |
| 14:12 | Build | Blacksmith |
| 14:17 | Build | Farm |
| 14:20 | Create | Villager (Male) |
| 14:31 | Create | Skirmisher |
| 14:42 | Build | House |
| 14:55 | Research | Fletching |
| 14:56 | Create | Villager (Male) |
| 15:07 | Build | Palisade Wall |
| 15:08 | Create | Skirmisher |
| 15:11 | Build | Farm |
| 15:13 | Create | Villager (Male) |
| 15:14 | Create | Skirmisher |
| 15:34 | Create | Villager (Male) |
| 15:53 | Create | Skirmisher |
| 16:13 | Build | Archery Range |
| 16:38 | Create | Villager (Male) |
| 16:39 | Create | Skirmisher |
| 16:58 | Create | Skirmisher |
| 17:05 | Create | Skirmisher |
| 17:06 | Create | Villager (Male) |
| 17:08 | Build | Farm |
| 17:08 | Build | Farm |
| 17:09 | Build | Farm |
| 17:11 | Create | Skirmisher |
| 17:27 | Create | Archer |
| 17:27 | Create | Archer |
| 17:35 | Research | Castle Age |
| 17:35 | Research | Castle Age |
| 17:44 | Create | Skirmisher |
| 17:44 | Create | Skirmisher |
| 18:05 | Research | Horse Collar |
| 18:06 | Create | Skirmisher |
| 18:07 | Create | Skirmisher |
| 18:19 | Create | Skirmisher |
| 18:30 | Create | Skirmisher |
| 18:36 | Research | Padded Archer Armor |
| 18:47 | Create | Skirmisher |
| 19:11 | Create | Skirmisher |
| 19:11 | Create | Skirmisher |
| 19:22 | Create | Skirmisher |
| 19:22 | Create | Skirmisher |
| 19:25 | Create | Skirmisher |
| 19:52 | Create | Skirmisher |
| 19:52 | Create | Skirmisher |
| 20:05 | Create | Skirmisher |
| 20:05 | Create | Skirmisher |
| 20:08 | Build | House |
| 20:12 | Create | Skirmisher |
| 20:15 | Age | Castle Age |
| 20:16 | Research | Bodkin Arrow |
| 20:20 | Create | Villager (Male) |
| 20:24 | Build | Siege Workshop |
| 20:28 | Create | Villager (Male) |
| 20:32 | Create | Villager (Male) |
| 21:00 | Create | Skirmisher |
| 21:01 | Create | Skirmisher |
| 21:01 | Create | Villager (Male) |
| 21:19 | Create | Mangonel |
| 21:58 | Create | Mangonel |
| 22:00 | Create | Villager (Male) |
| 22:03 | Create | Villager (Male) |
| 22:07 | Research | Bow Saw |
| 22:08 | Research | Bow Saw |
| 22:21 | Create | Villager (Male) |
| 22:23 | Create | Skirmisher |
| 22:23 | Create | Skirmisher |
| 22:31 | Create | Skirmisher |
| 22:31 | Create | Skirmisher |
| 22:51 | Create | Mangonel |
| 22:52 | Create | Villager (Male) |
| 22:55 | Build | House |
| 23:03 | Create | Villager (Male) |
| 23:08 | Build | House |
Build order — Xun
First 150 of 455 actions detected
| 0:00 | Create | Villager (Male) |
| 0:00 | Create | Villager (Male) |
| 0:02 | Build | House |
| 0:03 | Build | House |
| 0:07 | Create | Villager (Male) |
| 0:13 | Create | Villager (Male) |
| 1:32 | Create | Villager (Male) |
| 1:57 | Create | Villager (Male) |
| 2:16 | Create | Villager (Male) |
| 2:25 | Create | Villager (Male) |
| 2:26 | Create | Villager (Male) |
| 2:35 | Build | Lumber Camp |
| 3:10 | Create | Villager (Male) |
| 3:10 | Create | Villager (Male) |
| 3:24 | Create | Villager (Male) |
| 3:37 | Build | House |
| 4:30 | Create | Villager (Male) |
| 4:32 | Create | Villager (Male) |
| 5:13 | Build | Barracks |
| 5:22 | Create | Villager (Male) |
| 5:43 | Create | Villager (Male) |
| 5:45 | Research | Loom |
| 6:39 | Create | Villager (Male) |
| 7:00 | Build | Mill |
| 7:15 | Research | Feudal Age |
| 7:16 | Research | Feudal Age |
| 7:28 | Build | Mining Camp |
| 7:39 | Create | Militia |
| 7:39 | Create | Militia |
| 7:47 | Build | House |
| 8:08 | Build | House |
| 8:21 | Build | Mill |
| 8:22 | Create | Militia |
| 8:23 | Create | Militia |
| 8:50 | Create | Militia |
| 9:21 | Create | Villager (Male) |
| 9:25 | Age | Feudal Age |
| 9:44 | Create | Villager (Male) |
| 9:46 | Build | Archery Range |
| 9:59 | Create | Villager (Male) |
| 10:11 | Build | Farm |
| 10:23 | Create | Villager (Male) |
| 10:28 | Research | Double-Bit Axe |
| 10:41 | Build | House |
| 10:57 | Create | Villager (Male) |
| 10:59 | Create | Archer |
| 11:06 | Create | Skirmisher |
| 11:09 | Build | House |
| 11:11 | Build | Palisade Wall |
| 11:21 | Build | Farm |
| 11:23 | Build | Farm |
| 11:29 | Create | Villager (Male) |
| 11:37 | Create | Villager (Male) |
| 11:40 | Build | Farm |
| 11:56 | Build | House |
| 12:04 | Create | Skirmisher |
| 12:04 | Create | Skirmisher |
| 12:06 | Create | Villager (Male) |
| 12:10 | Create | Skirmisher |
| 12:23 | Create | Skirmisher |
| 12:34 | Build | House |
| 12:35 | Create | Skirmisher |
| 12:43 | Build | Palisade Wall |
| 12:46 | Create | Skirmisher |
| 12:48 | Create | Villager (Male) |
| 12:49 | Create | Villager (Male) |
| 13:01 | Create | Skirmisher |
| 13:15 | Build | Palisade Gate |
| 13:21 | Create | Villager (Male) |
| 13:24 | Build | Palisade Wall |
| 13:30 | Create | Villager (Male) |
| 13:33 | Build | Blacksmith |
| 13:42 | Create | Skirmisher |
| 14:05 | Create | Villager (Male) |
| 14:13 | Build | House |
| 14:22 | Create | Villager (Male) |
| 14:24 | Build | Farm |
| 14:26 | Build | Farm |
| 14:27 | Build | Farm |
| 14:27 | Create | Villager (Male) |
| 14:47 | Build | Palisade Wall |
| 14:52 | Build | Palisade Wall |
| 14:55 | Create | Villager (Male) |
| 14:58 | Build | Farm |
| 14:59 | Build | Farm |
| 15:03 | Create | Villager (Male) |
| 15:15 | Build | Lumber Camp |
| 15:18 | Build | Farm |
| 15:32 | Build | House |
| 15:38 | Create | Villager (Male) |
| 15:44 | Build | Farm |
| 15:56 | Research | Fletching |
| 15:56 | Research | Fletching |
| 16:01 | Create | Archer |
| 16:02 | Create | Archer |
| 16:02 | Create | Villager (Male) |
| 16:13 | Create | Villager (Male) |
| 16:16 | Build | Farm |
| 16:46 | Create | Skirmisher |
| 16:50 | Research | Padded Archer Armor |
| 17:08 | Create | Villager (Male) |
| 17:10 | Create | Skirmisher |
| 17:13 | Build | House |
| 17:15 | Create | Skirmisher |
| 17:25 | Build | Archery Range |
| 17:33 | Build | Farm |
| 17:37 | Create | Skirmisher |
| 17:44 | Build | House |
| 17:46 | Build | House |
| 17:47 | Create | Villager (Male) |
| 18:14 | Create | Villager (Male) |
| 18:19 | Build | Farm |
| 18:20 | Build | Farm |
| 18:22 | Create | Skirmisher |
| 18:28 | Build | Lumber Camp |
| 18:36 | Create | Skirmisher |
| 19:09 | Create | Skirmisher |
| 19:11 | Create | Villager (Male) |
| 19:23 | Create | Skirmisher |
| 19:25 | Create | Villager (Male) |
| 19:27 | Build | House |
| 19:28 | Build | House |
| 19:29 | Build | House |
| 19:39 | Create | Skirmisher |
| 19:39 | Create | Skirmisher |
| 19:45 | Create | Skirmisher |
| 19:53 | Build | Farm |
| 19:54 | Build | Farm |
| 19:57 | Create | Skirmisher |
| 20:08 | Create | Villager (Male) |
| 20:10 | Research | Castle Age |
| 20:19 | Research | Horse Collar |
| 20:25 | Build | Lumber Camp |
| 20:37 | Research | Gold Mining |
| 20:37 | Research | Gold Mining |
| 21:02 | Build | Watch Tower |
| 21:12 | Create | Skirmisher |
| 21:13 | Create | Skirmisher |
| 21:30 | Build | Market |
| 21:36 | Build | Palisade Wall |
| 21:40 | Create | Skirmisher |
| 22:02 | Create | Skirmisher |
| 22:02 | Create | Skirmisher |
| 22:18 | Build | Archery Range |
| 22:23 | Create | Skirmisher |
| 22:38 | Create | Skirmisher |
| 22:50 | Age | Castle Age |
| 22:52 | Build | Farm |
| 22:53 | Research | Elite Skirmisher (upgrade) |
| 22:53 | Research | Elite Skirmisher (upgrade) |
Match timeline
| 5:13 | Xun · first_building Barracks |
| 6:39 | wappla · wall_segment Palisade Wall x6 |
| 6:52 | wappla · wall_segment Palisade Wall x7 |
| 6:56 | wappla · wall_segment Palisade Wall x6 |
| 7:08 | wappla · wall_segment Palisade Wall x1 |
| 8:04 | wappla · first_building Barracks |
| 8:23 | wappla · wall_segment Palisade Wall x1 |
| 8:50 | wappla · age_up feudal |
| 9:03 | wappla · first_building Archery Range |
| 9:25 | Xun · age_up feudal |
| 9:46 | Xun · first_building Archery Range |
| 11:11 | Xun · wall_segment Palisade Wall x1 |
| 12:43 | Xun · wall_segment Palisade Wall x4 |
| 13:24 | Xun · wall_segment Palisade Wall x1 |
| 14:47 | Xun · wall_segment Palisade Wall x7 |
| 14:52 | Xun · wall_segment Palisade Wall x7 |
| 15:07 | wappla · wall_segment Palisade Wall x8 |
| 20:15 | wappla · age_up castle |
| 20:24 | wappla · first_building Siege Workshop |
| 21:36 | Xun · wall_segment Palisade Wall x1 |
| 22:50 | Xun · age_up castle |
| 23:20 | Xun · first_building Siege Workshop |
| 23:35 | wappla · first_building Stable |
| 26:34 | Xun · first_market_buy 100 stone |
| 34:29 | wappla · first_building Castle |
| 34:40 | Xun · first_building Castle |
| 38:48 | Xun · age_up imperial |
| 39:03 | wappla · age_up imperial |
| 42:34 | wappla · first_market_sell 100 food |
| 46:45 | wappla · resign |
[ AI ANALYSIS · 1 CREDIT ]
What really happened in this match?
Wolo.gg analyzes every decision: build order, eco, micro, common mistakes by bracket. Personalized analysis on WhatsApp or Discord in 30 seconds.
Civ guide
Teutons
Perfil
Jugador #9865998